 Dungeon Sprint DCSS version 0.17-a0-1582-ge6b0260 (webtiles) character file.

48 Jb9000 the Skirmisher (level 4, -4/30 HPs)
             Began as a Gargoyle Fighter on July 27, 2015.
             Was a Priest of Makhleb.
             Slain by a blue devil (10 damage)
             ... summoned by a kobold demonologist
             ... in the Dungeon (Sprint VI: "Thunderdome").
             The game lasted 00:06:02 (416 turns).

Jb9000 the Skirmisher (Gargoyle Fighter)             Turns: 416, Time: 00:06:02

Health: -4/30      AC: 12    Str: 26    XL:     4   Next: 8%
Magic:  7/7        EV:  9    Int:  9    God:    Makhleb [***...]
Gold:   85         SH: 10    Dex: 16    Spells: 0 memorised, 7 levels left

rFire  + . .     SeeInvis .     s - +1 flail (protect)
rCold  + . .     Clarity  .     b - +0 scale mail
rNeg   + . .     SustAt   .     c - +0 shield
rPois  ∞         Gourm    .     (no helmet)
rElec  +         Spirit   .     (no cloak)
rCorr  .         Warding  .     (no gloves)
rMut   .         NoTele   +     (no boots)
MR     .....                    (no amulet)
Stlth  ++........               r - ring "Foad" {rElec rC+ Str+6 Stlth+}
                                p - ring "Hiqav" {*Corrode rF+ AC-3 Dex+7} (curse)

@: not resistant to hostile enchantments, unstealthy
A: negative energy resistance 1, electricity resistance, unbreathing,
petrification resistance, rot immunity, AC +3
a: Minor Destruction, Lesser Servant of Makhleb, Renounce Religion


You were in the Dungeon.
You worshipped Makhleb.
Makhleb was most pleased with you.
You were not hungry.

You visited 1 branch You collected 280 gold pieces.
You spent 195 gold pieces at shops.

Inventory:

Hand weapons
 a - a +0 flail
 s - a +1 flail of protection (weapon)
Armour
 b - a +0 scale mail (worn)
 c - a +0 shield (worn)
Jewellery
 p - the cursed ring "Hiqav" (left hand) {*Corrode rF+ AC-3 Dex+7}
   (You bought it in a shop in the Dungeon)

   [ring of protection]

   It affects your AC (-3).
   It affects your dexterity (+7).
   It protects you from fire.
   It may corrode your equipment when you take damage.
   It has a curse placed upon it.
 r - the ring "Foad" (right hand) {rElec rC+ Str+6 Stlth+}
   (You bought it in a shop in the Dungeon)

   [ring of protection from cold]

   It affects your strength (+6).
   It protects you from cold.
   It insulates you from electricity.
   It makes you more stealthy.
Magical devices
 l - a wand of cold (5)
 m - a wand of fire (5)
Scrolls
 k - 4 scrolls of blinking
 n - 3 scrolls of fog
Potions
 d - a potion of might
 f - a potion of curing
 g - 7 potions of heal wounds
 h - 4 potions of haste
 i - 2 potions of magic
 j - a potion of berserk rage
 o - a potion of resistance
Comestibles
 e - a bread ration
 q - 2 chunks of flesh


   Skills:
 + Level 4.4 Fighting
 + Level 3.2 Maces & Flails
 + Level 4.2 Armour
 + Level 2.2 Dodging
 + Level 2.5 Stealth
 + Level 4.3 Shields
 + Level 2.1 Spellcasting
 + Level 2.0 Evocations


You had 7 spell levels left.
You didn't know any spells.

Dungeon Overview and Level Annotations

Branches:
Dungeon (1/1)

Altars:
Cheibriados
Dithmenos
Fedhas
Gozag
Kikubaaqudgha
Makhleb
Okawaru
Qazlal
Ru
Sif Muna
Trog
Vehumet
Xom
Yredelemnul
Zin
The Shining One
Jiyva
Lugonu

Shops:
D *[%??*?*:[((!!!!


Innate Abilities, Weirdness & Mutations

You are resistant to torment.
Your stone body is resilient (AC +3).
You are immune to poison.
You resist negative energy.
You are resistant to electric shocks.
You can survive without breathing.
You are immune to petrification.
You are immune to rotting.


Message History

The sixfirhy hits you! The sixfirhy shocks you. You resist.
The sixfirhy hits you but does no damage.
You block the sixfirhy's attack.
The sixfirhy hits you but does no damage.
The kobold demonologist looks braver for a moment.
The orange demon stings you but does no damage.
The white imp gestures at you. The puff of frost hits you! You resist.
The white imp barely misses you.
The sixfirhy hits you but does no damage.
The blue devil hits you but does no damage.
You hit the kobold demonologist but do no damage.
The kobold demonologist is almost dead.
You block the sixfirhy's attack. x2
The kobold demonologist hits you but does no damage.
The crimson imp lashes its tail.
The orange demon stings you from afar.
* * * LOW HITPOINT WARNING * * *
The white imp gestures at you. The puff of frost hits you! You resist.
The blue devil hits you!
You die...

#.........#
#........_#
#.........###
...........⌠#
8.........8.######
....###......_..∩##
..8.# #.8......÷.∩###
....###........4[5..##
.###...###......@4..⌠#
.# #.<.# #......5K4.⌠#
.###...###.......5..⌠#
[...###........)....##
..8.# #.8........∩###
....###......___∩##
8.........8.######
...........⌠#
#.........###


You could see an orange demon, a kobold demonologist, a sixfirhy, a blue devil,
a crimson imp and 2 white imps.

Vanquished Creatures
  Jessica (D)
  Terence (D)
  A worm (D)
  2 goblins (D)
  A quokka (D)
  A ball python (D)
  2 bats (D)
  A rat (D)
10 creatures vanquished.

Notes
Turn   | Place    | Note
--------------------------------------------------------------
     0 | D        | Jb9000 the Gargoyle Fighter began the quest for the Orb.
     0 | D        | Reached XP level 1. HP: 14/14 MP: 1/1
     4 | D        | Found a shimmering altar of Xom.
     5 | D        | Round 1.
     6 | D        | Found a corrupted altar of Lugonu.
     6 | D        | Found a shadowy altar of Dithmenos.
     8 | D        | Found a burning altar of Makhleb.
     8 | D        | Found an ancient bone altar of Kikubaaqudgha.
     9 | D        | Found Gutsac's Staff Store.
     9 | D        | Found Gaoh's Magic Scroll Shop.
    10 | D        | Found Caly's Must-Have Magic.
    10 | D        | Found Ykip's Magic Scroll Shop.
    18 | D        | Became a worshipper of Makhleb the Destroyer
    42 | D        | Found a glowing silver altar of Zin.
    42 | D        | Found Oxis's Bee Food.
    42 | D        | Found Butso's Jewellery.
    43 | D        | Found Vasim's Advanced Armour.
    44 | D        | Found a glowing golden altar of the Shining One.
    44 | D        | Found a bloodstained altar of Trog.
    44 | D        | Found a deep blue altar of Sif Muna.
    44 | D        | Found Coilud's Identification Station.
    50 | D        | Bought an ancient steel ring for 45 gold pieces
    50 | D        | Identified the cursed ring "Hiqav" {*Corrode rF+ AC-3 Dex+7} (You bought it in a shop in the Dungeon)
    60 | D        | Noticed Jessica
    61 | D        | Found a viscous altar of Jiyva.
    62 | D        | Found a blossoming altar of Fedhas.
    67 | D        | Found a basalt altar of Yredelemnul.
    67 | D        | Found Teulull's Premium Goods.
    69 | D        | Killed Jessica
    69 | D        | Reached skill level 4 in Fighting
    69 | D        | Reached skill level 1 in Dodging
    69 | D        | Reached skill level 1 in Stealth
    69 | D        | Reached skill level 1 in Spellcasting
    69 | D        | Reached skill level 1 in Evocations
    69 | D        | Reached XP level 2. HP: 14/20 MP: 1/4
    69 | D        | Reached XP level 3. HP: 16/24 MP: 1/5
    91 | D        | Acquired Makhleb's first power
   104 | D        | Found a stormy altar of Qazlal.
   104 | D        | Found a snail-covered altar of Cheibriados.
   104 | D        | Found an opulent altar of Gozag.
   104 | D        | Found Wasmifam's Weapon Rack.
   104 | D        | Found Ixiehuic's Miscellaneous Merchandise.
   104 | D        | Found Isogrurazo's Basic Armour.
   121 | D        | Found a radiant altar of Vehumet.
   123 | D        | Found an iron altar of Okawaru.
   125 | D        | Found a sacrificial altar of Ru.
   125 | D        | Found Reus's Do-It-Yourself Clinic.
   125 | D        | Found Kiakk's Bottled Wisdom.
   126 | D        | Found Qedof's Distillery.
   128 | D        | Found Ryzugy's Distillery.
   137 | D        | Bought 3 potions of heal wounds for 105 gold pieces
   174 | D        | Acquired Makhleb's second power
   174 | D        | Arena points: 12 (+12) [x2]
   185 | D        | Bought a vibrating tin ring for 45 gold pieces
   186 | D        | Identified the ring "Foad" {rElec rC+ Str+6 Stlth+} (You bought it in a shop in the Dungeon)
   203 | D        | Round 2.
   233 | D        | Noticed Terence
   246 | D        | Killed Terence
   246 | D        | Reached XP level 4. HP: 16/30 MP: 5/7
   261 | D        | Acquired Makhleb's third power
   356 | D        | Arena points: 48 (+36) [x3]
   402 | D        | Round 3.
   403 | D        | Noticed a kobold demonologist
   413 | D        | Noticed a sixfirhy
   413 | D        | Noticed an orange demon
   415 | D        | Noticed a blue devil
   416 | D        | Slain by a blue devil

Vault maps used:
D:        arena_sprint

Action                   |  1- 3 |  4- 6 || total
-------------------------+-------+-------++-------
Melee: Flail             |    34 |    16 ||    50
